3AA
BATTLE GROUND AEROS @ OTTAWA NATIONALS
08/07/2021
 
TOP OF THE 1ST
Battle Ground Aeros batting - Pitching for Ottawa Nationals : RHP Júlio Villegas
Pitching: RHP Júlio Villegas
Batting: RHB Raúl Guerrero 0-0: SINGLE (Line Drive, 4MD)
Batting: RHB Jim Unknown 0-0: Called Strike
Raúl Guerrero steals 2nd base
0-1: Foul Ball, location: 2F
0-2: Ball
1-2: SINGLE (Groundball, 4M)
Raúl Guerrero to third
Runner from 3rd tries for Home, SAFE, no throw or cutoff
Batting: RHB Jim Unknown 0-0: Called Strike
0-1: Called Strike
0-2: Ball
1-2: Fly out, F9 (Flyball, 89M)
Batting: SHB Jim Unknown 0-0: Ball
1-0: DOUBLE (Groundball, 5L)
Jim Unknown to third
Batting: RHB Jim Unknown 0-0: Ball
1-0: Called Strike
1-1: Ball
2-1: Called Strike
2-2: Ball
3-2: Strikes out looking
Batting: RHB Jim Unknown 0-0: Foul Ball, location: 2F
0-1: DOUBLE (Line Drive, 89D)
Jim Unknown scores
Jim Unknown scores
Batting: RHB Jorge Rivera 0-0: Ground out 6-3 (Groundball, 6)
Top of the 1st over - 3 run(s), 4 hit(s), 0 error(s), 1 left on base; Battle Ground 3 - Ottawa 0
BOTTOM OF THE 1ST
Ottawa Nationals batting - Pitching for Battle Ground Aeros : RHP Gonzalo Granados
Pitching: RHP Gonzalo Granados
Batting: RHB Francisco Morales 0-0: Ball
1-0: Ball
2-0: Foul Ball, location: 2F
2-1: Ball
3-1: Base on Balls
Batting: RHB Barry Welch 0-0: Ball
1-0: Ball
2-0: Ball
3-0: Called Strike
3-1: Called Strike
3-2: Foul Ball, location: 2F
3-2: Strikes out swinging
Francisco Morales steals 2nd base
Batter strikes out.
Batting: RHB Jack O'Brien 0-0: Called Strike
0-1: Called Strike
0-2: SINGLE (Line Drive, 6D)
Francisco Morales to third
Runner from 3rd tries for Home, SAFE, no throw or cutoff
Batting: RHB Héctor Rojas 0-0: Called Strike
0-1: Ball
1-1: Ball
2-1: Swinging Strike
2-2: Ball
3-2: Foul Ball, location: 2F
3-2: Strikes out swinging
Batting: RHB Stan Pierce 0-0: Swinging Strike
0-1: SINGLE (Line Drive, 89S)
Jack O'Brien to second
Batting: RHB Dan Bernard 0-0: Ball
1-0: Called Strike
1-1: Ball
2-1: Foul Ball, location: 2F
2-2: Foul Ball, location: 2F
2-2: Ball
3-2: SINGLE (Line Drive, 4M)
Jack O'Brien to third
Stan Pierce to second
Jack O'Brien scores
Stan Pierce to third
Batting: RHB Jesús Soto 0-0: Called Strike
0-1: Ball
1-1: Ball
Wild Pitch!
Stan Pierce scores
Dan Bernard to second
2-1: Foul Ball, location: 2F
2-2: Strikes out looking
Bottom of the 1st over - 3 run(s), 3 hit(s), 0 error(s), 1 left on base; Battle Ground 3 - Ottawa 3
TOP OF THE 2ND
Battle Ground Aeros batting - Pitching for Ottawa Nationals : RHP Júlio Villegas
Batting: RHB Jim Unknown 0-0: Ball
1-0: Foul Ball, location: 2F
1-1: Ball
2-1: Ball
3-1: Called Strike
3-2: SINGLE (Line Drive, 6D)
Batting: RHB Jim Unknown 0-0: Called Strike
0-1: Swinging Strike
0-2: Ball
1-2: SINGLE (Groundball, 4M)
Jim Unknown to second
Runner from 2nd tries for 3rd, SAFE, throw made to third
Batting: RHB Raúl Guerrero 0-0: Ball
1-0: SINGLE (Flyball, 89M)
Jim Unknown scores
Jim Unknown to second
Runner from 2nd tries for 3rd, SAFE, throw made to third
Batting: RHB Jim Unknown 0-0: Ball
1-0: Foul Ball, location: 2F
1-1: SINGLE (Line Drive, 34D)
Jim Unknown scores
Raúl Guerrero to second
Batting: RHB Jim Unknown 0-0: Ball
1-0: Ball
2-0: Swinging Strike
2-1: Ball
3-1: Base on Balls
Raúl Guerrero to third
Jim Unknown to second
Batting: SHB Jim Unknown 0-0: Called Strike
0-1: Ball
1-1: Ball
2-1: SINGLE (Line Drive, 78S)
Raúl Guerrero scores
Jim Unknown to third
Jim Unknown to second
Batting: RHB Jim Unknown 0-0: Called Strike
0-1: Ground out 4-3 (Groundball, 4MD)
Jim Unknown scores
Jim Unknown to third
Jim Unknown to second
Batting: RHB Jim Unknown 0-0: Called Strike
0-1: Called Strike
0-2: Foul Ball, location: 2F
0-2: Foul Ball, location: 2F
0-2: Ball
1-2: Ground out 6-3 (Groundball, 6)
Jim Unknown scores
Batting: RHB Jorge Rivera 0-0: Foul Ball, location: 2F
0-1: Swinging Strike
0-2: Ball
1-2: Ball
2-2: Fly out, F7 (Flyball, 7LM)
Top of the 2nd over - 5 run(s), 5 hit(s), 0 error(s), 1 left on base; Battle Ground 8 - Ottawa 3
BOTTOM OF THE 2ND
Ottawa Nationals batting - Pitching for Battle Ground Aeros : RHP Gonzalo Granados
Batting: RHB Anthony Trujillo 0-0: Foul Ball, location: 2F
0-1: Foul Ball, location: 2F
0-2: Ball
1-2: Ball
2-2: Ball
3-2: SINGLE (Groundball, 34) (infield hit)
Batting: RHB Ben Daniel 0-0: Ball
1-0: Grounds into double play, 6-4-3 (Groundball, 6)
Batting: RHB Francisco Morales 0-0: Ball
1-0: Ball
2-0: Foul Ball, location: 2F
2-1: Foul Ball, location: 2F
2-2: Foul Ball, location: 2F
2-2: Fly out, F9 (Flyball, 9S)
Bottom of the 2nd over - 0 run(s), 1 hit(s), 0 error(s), 0 left on base; Battle Ground 8 - Ottawa 3
TOP OF THE 3RD
Battle Ground Aeros batting - Pitching for Ottawa Nationals : RHP Júlio Villegas
Pitching: LHP Martin Bennett
Batting: RHB Jim Unknown 0-0: Ball
1-0: Ball
2-0: SOLO HOME RUN (Flyball, 7D), Distance : 384 ft
Batting: RHB Jim Unknown 0-0: Ball
1-0: Ball
2-0: Called Strike
2-1: Ground out 5-3 (Groundball, 5)
Batting: RHB Raúl Guerrero 0-0: Called Strike
0-1: Ball
1-1: Fly out, F7 (Flyball, 7M)
Batting: RHB Jim Unknown 0-0: Ball
1-0: Ball
2-0: Ball
3-0: Hit by Pitch
Batting: RHB Jim Unknown 0-0: Ball
1-0: Ball
2-0: Ball
3-0: Called Strike
3-1: Ground out 1-3 (Groundball, 15S)
Top of the 3rd over - 1 run(s), 1 hit(s), 0 error(s), 1 left on base; Battle Ground 9 - Ottawa 3
BOTTOM OF THE 3RD
Ottawa Nationals batting - Pitching for Battle Ground Aeros : RHP Gonzalo Granados
Batting: RHB Barry Welch 0-0: Called Strike
0-1: Ball
1-1: Ground out 6-3 (Groundball, 6)
Batting: RHB Jack O'Brien 0-0: Called Strike
0-1: Ball
1-1: Swinging Strike
1-2: Foul Ball, location: 2F
1-2: Ball
2-2: Strikes out swinging
Batting: RHB Héctor Rojas 0-0: Called Strike
0-1: Ball
1-1: Ground out 5-3 (Groundball, 56S)
Bottom of the 3rd over - 0 run(s), 0 hit(s), 0 error(s), 0 left on base; Battle Ground 9 - Ottawa 3
TOP OF THE 4TH
Battle Ground Aeros batting - Pitching for Ottawa Nationals : LHP Martin Bennett
Batting: SHB Jim Unknown 0-0: Called Strike
0-1: Foul Ball, location: 2F
0-2: Foul Ball, location: 2F
0-2: Strikes out swinging
Batting: RHB Jim Unknown 0-0: Ball
1-0: Ball
2-0: Ball
3-0: Base on Balls
Batting: RHB Jim Unknown 0-0: Ball
1-0: Ball
2-0: Fielders Choice at 2nd, 4-6 (Groundball, 4)
Now at SS: Javier Hernández
Batting: RHB Jorge Rivera 0-0: Ball
Pickoff Throw to First - Error! E1
Jim Unknown to second
1-0: Ground out 6-3 (Groundball, 6)
Top of the 4th over - 0 run(s), 0 hit(s), 1 error(s), 1 left on base; Battle Ground 9 - Ottawa 3
BOTTOM OF THE 4TH
Ottawa Nationals batting - Pitching for Battle Ground Aeros : RHP Gonzalo Granados
Batting: RHB Stan Pierce 0-0: Called Strike
0-1: Ball
1-1: Ball
2-1: Ball
3-1: Foul Ball, location: 2F
3-2: Ground out 1-3 (Groundball, 13)
Batting: RHB Dan Bernard 0-0: Ball
1-0: SINGLE (Line Drive, 56D)
Batting: RHB Jesús Soto 0-0: Called Strike
0-1: Swinging Strike
0-2: Ball
1-2: Foul Ball, location: 2F
1-2: Strikes out swinging
Batting: RHB Anthony Trujillo 0-0: Called Strike
0-1: Called Strike
0-2: Foul Ball, location: 2F
0-2: Ball
Dan Bernard steals 2nd base
1-2: Strikes out swinging
Bottom of the 4th over - 0 run(s), 1 hit(s), 0 error(s), 1 left on base; Battle Ground 9 - Ottawa 3
TOP OF THE 5TH
Battle Ground Aeros batting - Pitching for Ottawa Nationals : LHP Martin Bennett
Batting: RHB Jim Unknown 0-0: Ball
1-0: Ball
2-0: Ball
3-0: Called Strike
3-1: SINGLE (Line Drive, 5D)
Batting: RHB Jim Unknown 0-0: Ball
1-0: Sac Bunt - play at first, batter OUT! 2-3
Jim Unknown to second
Batting: RHB Raúl Guerrero 0-0: Called Strike
0-1: Swinging Strike
0-2: Ball
1-2: Strikes out swinging
Batting: RHB Jim Unknown 0-0: Foul Ball, location: 2F
0-1: Foul Ball, location: 2F
0-2: Ball
1-2: Strikes out swinging
Top of the 5th over - 0 run(s), 1 hit(s), 0 error(s), 1 left on base; Battle Ground 9 - Ottawa 3
BOTTOM OF THE 5TH
Ottawa Nationals batting - Pitching for Battle Ground Aeros : RHP Gonzalo Granados
Batting: RHB Ben Daniel 0-0: Ball
1-0: Called Strike
1-1: Ground out 5-3 (Groundball, 5L)
Batting: RHB Francisco Morales 0-0: Called Strike
0-1: Ball
1-1: Foul Ball, location: 2F
1-2: SINGLE (Groundball, 34D)
Batting: RHB Barry Welch 0-0: Ball
Francisco Morales steals 2nd base
1-0: Ball
2-0: Called Strike
2-1: Ball
3-1: Base on Balls
Batting: RHB Jack O'Brien 0-0: Foul Ball, location: 2F
0-1: Ball
1-1: Fly out, F7 (Line Drive, 78XD)
Runner from 2nd tags up, SAFE at 3rd, no throw
Batting: LHB Javier Hernández 0-0: Called Strike
0-1: Ball
1-1: Foul Ball, location: 2F
1-2: Ball
2-2: Fly out, F7 (Flyball, 7M)
Bottom of the 5th over - 0 run(s), 1 hit(s), 0 error(s), 2 left on base; Battle Ground 9 - Ottawa 3
TOP OF THE 6TH
Battle Ground Aeros batting - Pitching for Ottawa Nationals : LHP Martin Bennett
Batting: RHB Jim Unknown 0-0: Ball
1-0: Fly out, F8 (Flyball, 8LXD)
Batting: SHB Jim Unknown 0-0: Ball
1-0: Ground out 5-3 (Groundball, 56)
Batting: RHB Jim Unknown 0-0: Called Strike
0-1: Foul Ball, location: 2F
0-2: Strikes out looking
Top of the 6th over - 0 run(s), 0 hit(s), 0 error(s), 0 left on base; Battle Ground 9 - Ottawa 3
BOTTOM OF THE 6TH
Ottawa Nationals batting - Pitching for Battle Ground Aeros : RHP Gonzalo Granados
Batting: RHB Stan Pierce 0-0: Called Strike
0-1: Ball
1-1: Ball
2-1: Foul Ball, location: 2F
2-2: DOUBLE (Line Drive, 7LS)
Batting: RHB Dan Bernard 0-0: Ball
1-0: Fly out, F8 (Flyball, 8RM)
Batting: RHB Jesús Soto 0-0: Swinging Strike
0-1: Foul Ball, location: 2F
0-2: Foul Ball, location: 2F
0-2: Strikes out swinging
Batting: RHB Anthony Trujillo 0-0: Called Strike
0-1: Ball
1-1: SINGLE (Line Drive, 4MD)
Stan Pierce to third
Batting: RHB Ben Daniel 0-0: Ball
1-0: Swinging Strike
1-1: Fielders Choice at 2nd, U6 (Groundball, 6M)
Bottom of the 6th over - 0 run(s), 2 hit(s), 0 error(s), 2 left on base; Battle Ground 9 - Ottawa 3
TOP OF THE 7TH
Battle Ground Aeros batting - Pitching for Ottawa Nationals : LHP Martin Bennett
Pitching: RHP Ernie McPherson
Batting: RHB Jim Unknown 0-0: Ball
1-0: Foul Ball, location: 2F
1-1: Swinging Strike
1-2: Ball
2-2: Fly out, F8 (Flyball, 8LM)
Batting: RHB Jorge Rivera 0-0: Called Strike
0-1: Ball
1-1: Fly out, F8 (Flyball, 8RXD)
Batting: RHB Jim Unknown 0-0: Ball
1-0: Called Strike
1-1: Ball
2-1: SINGLE (Line Drive, 6M)
Batting: RHB Jim Unknown 0-0: Swinging Strike
0-1: Swinging Strike
0-2: Fly out, F9 (Flyball, 8RD)
Top of the 7th over - 0 run(s), 1 hit(s), 0 error(s), 1 left on base; Battle Ground 9 - Ottawa 3
BOTTOM OF THE 7TH
Ottawa Nationals batting - Pitching for Battle Ground Aeros : RHP Gonzalo Granados
Batting: RHB Francisco Morales 0-0: Called Strike
0-1: Ball
1-1: Ball
2-1: Called Strike
2-2: Ball
3-2: Fly out, F8 (Flyball, 8LM)
Batting: RHB Barry Welch 0-0: Ball
1-0: Ball
2-0: Ball
3-0: Called Strike
3-1: SINGLE (Groundball, 4MD)
Pitching: LHP Dan Drew
Batting: RHB Jack O'Brien 0-0: Foul Ball, location: 2F
0-1: Ball
1-1: Ball
2-1: Foul Ball, location: 2F
2-2: Fly out, F9 (Flyball, 89M)
Batting: LHB Javier Hernández 0-0: Ball
1-0: Foul Ball, location: 2F
1-1: Swinging Strike
1-2: Strikes out swinging
Bottom of the 7th over - 0 run(s), 1 hit(s), 0 error(s), 1 left on base; Battle Ground 9 - Ottawa 3
TOP OF THE 8TH
Battle Ground Aeros batting - Pitching for Ottawa Nationals : RHP Ernie McPherson
Batting: RHB Raúl Guerrero 0-0: Called Strike
0-1: Ball
1-1: Foul Ball, location: 2F
1-2: Ball
2-2: Ball
3-2: Foul Ball, location: 2F
3-2: Strikes out swinging
Batting: RHB Jim Unknown 0-0: Ball
1-0: Called Strike
1-1: Ball
2-1: Foul Ball, location: 2F
2-2: Ball
3-2: Strikes out swinging
Batting: RHB Jim Unknown 0-0: Called Strike
0-1: Ball
1-1: Foul Ball, location: 2F
1-2: Foul Ball, location: 2F
1-2: Foul Ball, location: 2F
1-2: Ball
2-2: Ball
3-2: Ground out 4-3 (Groundball, 4)
Top of the 8th over - 0 run(s), 0 hit(s), 0 error(s), 0 left on base; Battle Ground 9 - Ottawa 3
BOTTOM OF THE 8TH
Ottawa Nationals batting - Pitching for Battle Ground Aeros : LHP Dan Drew
Batting: RHB Stan Pierce 0-0: Called Strike
0-1: Called Strike
0-2: Ball
1-2: Ball
2-2: Ball
3-2: Foul Ball, location: 2F
3-2: Foul Ball, location: 2F
3-2: Fly out, F6 (Popup, 6MD)
Batting: RHB Dan Bernard 0-0: Ball
1-0: Foul Ball, location: 2F
1-1: Foul Ball, location: 2F
1-2: Foul Ball, location: 2F
1-2: Ball
2-2: Ball
3-2: Foul Ball, location: 2F
3-2: Ground out 6-3 (Groundball, 6)
Batting: RHB Jesús Soto 0-0: Ball
1-0: DOUBLE (Line Drive, 5)
Batting: RHB Anthony Trujillo 0-0: Called Strike
0-1: Ball
Passed Ball!
Jesús Soto to third
1-1: Swinging Strike
1-2: Strikes out looking
Bottom of the 8th over - 0 run(s), 1 hit(s), 0 error(s), 1 left on base; Battle Ground 9 - Ottawa 3
TOP OF THE 9TH
Battle Ground Aeros batting - Pitching for Ottawa Nationals : RHP Ernie McPherson
Batting: SHB Jim Unknown 0-0: Ball
1-0: Swinging Strike
1-1: Swinging Strike
1-2: Fly out, F2 (Popup, 2LF)
Batting: RHB Jim Unknown 0-0: Called Strike
0-1: Ball
1-1: Ball
2-1: Called Strike
2-2: Ball
3-2: Base on Balls
Batting: RHB Jim Unknown 0-0: Called Strike
0-1: Ball
1-1: Ball
2-1: Ball
3-1: Base on Balls
Jim Unknown to second
Batting: RHB Jorge Rivera 0-0: Called Strike
0-1: Swinging Strike
0-2: Ball
1-2: SINGLE (Line Drive, 6MD)
Jim Unknown to third
Jim Unknown to second
Pitching: RHP Lewis Miller
Batting: RHB Jim Unknown 0-0: Fly out, F6 (Line Drive, 6)
Batting: RHB Jim Unknown 0-0: Ball
1-0: Called Strike
1-1: Ball
2-1: Ball
3-1: Swinging Strike
3-2: Ground out 4-3 (Groundball, 4M)
Top of the 9th over - 0 run(s), 1 hit(s), 0 error(s), 3 left on base; Battle Ground 9 - Ottawa 3
BOTTOM OF THE 9TH
Ottawa Nationals batting - Pitching for Battle Ground Aeros : LHP Dan Drew
Batting: RHB Ben Daniel 0-0: Ball
1-0: Foul Ball, location: 2F
1-1: Bunt missed!
1-2: Ground out 6-3 (Groundball, 6)
Batting: RHB Francisco Morales 0-0: Called Strike
0-1: Called Strike
0-2: Ball
1-2: Foul Ball, location: 2F
1-2: Strikes out looking
Batting: RHB Barry Welch 0-0: Swinging Strike
0-1: Ball
1-1: Foul Ball, location: 2F
1-2: Ball
2-2: Ground out 5-3 (Groundball, 5S)
Bottom of the 9th over - 0 run(s), 0 hit(s), 0 error(s), 0 left on base; Battle Ground 9 - Ottawa 3
This league is powered by Out of the Park Baseball, the baseball management simulation game for PC, Mac and Linux
Friday, January 22nd, 2016 - OOTP Baseball 16.9 Build 39